 Dungeon Crawl Stone Soup version 0.30-a0-757-ga6a79fd877 (webtiles) character file.

Game seed: 2105807692294530156

83 mistaj the Trooper (level 4, -5/29 HPs)
             Began as a Gargoyle Fighter on Feb 9, 2023.
             Killed from afar by Sigmund (9 damage)
             ... with a puff of flame
             ... on level 2 of the Dungeon.
             The game lasted 00:02:09 (948 turns).

mistaj the Trooper (Gargoyle Fighter)                Turns: 948, Time: 00:02:09

Health: -5/29      AC: 11    Str: 22    XL:     4   Next: 44%
Magic:  4/4        EV:  9    Int:  8    God:
Gold:   33         SH:  4    Dex:  9    Spells: 3/3 levels left

rFire   . . .      SeeInvis .    i - +0 broad axe
rCold   . . .      Faith    .    c - +0 buckler
rNeg    + . .      Spirit   .    b - +0 scale mail
rPois   ∞          Reflect  .    (no helmet)
rElec   +          Harm     .    (no cloak)
rCorr   .          Rampage  .    (no gloves)
Will    .....                    k - +0 pair of boots Stlth
                                 (no amulet)
HPRegen 0.24/turn                (no ring)
MPRegen 0.09/turn                (no ring)

@: no status effects
A: sickness immunity, AC +3, negative energy resistance 1, electricity
resistance, torment resistance 1, petrification resistance
a: no special abilities


You were on level 2 of the Dungeon.
You visited 1 branch of the dungeon, and saw 2 of its levels.

You collected 33 gold pieces.

Inventory:

Hand Weapons
 a - a +0 flail
 i - a +0 broad axe (weapon)
Missiles
 h - 6 javelins (quivered)
Armour
 b - a +0 scale mail (worn)
 c - a +0 buckler (worn)
 k - a +0 pair of boots (worn)
Scrolls
 g - 2 scrolls of amnesia {unknown}
 j - a scroll of silence {unknown}
 m - a scroll of identify {unknown}
 n - a scroll of poison {unknown}
Potions
 d - a potion of might
 e - a potion of heal wounds {unknown}
 f - a potion of attraction {unknown}
 l - 2 potions of cancellation {unknown}


   Skills:
 + Level 4.2 Fighting
 + Level 1.4(2.0) Axes
 - Level 2.3(2.6) Maces & Flails
 - Level 3.2 Armour
 + Level 4.2 Shields


You had 3 spell levels left.
You didn't know any spells.
Your spell library contained the following spells:

 Spells                   Type           Power      Damage    Failure   Level
 Magic Dart               Conj           0%         1d3       83%         1
 Searing Ray              Conj           0%         2d4       92%         2
 Fulminant Prism          Conj/Hex       0%         3d5       100%        4


Dungeon Overview and Level Annotations

Branches:
Dungeon (2/15)

Altars:

Annotations:
D:2 Sigmund


Innate Abilities, Weirdness & Mutations

You are immune to sickness and miasma.
Your stone body is resilient. (AC +3)
You are immune to poison.
You resist negative energy. (rN+)
You are resistant to electric shocks. (rElec)
You are resistant to unholy torment.
You are immune to petrification.


Message History

Sigmund flickers and vanishes!
Deactivating autopickup; reactivate with Ctrl-A.
The hound closely misses you. The hound attacks as you move away!
You block the hound's attack. x2
The hound barely misses you. The hound barely misses you. The hound bites you.
* * * LOW HITPOINT WARNING * * *
The hound attacks as you move away! You block the hound's attack.
The hound bites you.
* * * LOW HITPOINT WARNING * * *
The hound attacks as you move away! The hound barely misses you.
The hound barely misses you. The hound attacks as you move away!
The hound bites you.
* * * LOW HITPOINT WARNING * * *
The hound bites you but does no damage.
You closely miss the hound.
The hound is heavily wounded.
The hound bites you but does no damage. You block the hound's attack.
You barely miss the hound.
The hound is heavily wounded.
The hound bites you but does no damage. x2
Something hits you but does no damage.
You completely miss the hound.
The hound is heavily wounded.
You block the hound's attack. The hound closely misses you.
Something hits you but does no damage. The hound bites you but does no damage.
You slash the hound!
You kill the hound!
Something hits you.
* * * LOW HITPOINT WARNING * * *
You have reached level 4!
You feel stronger.
Level annotation: Sigmund Welcome back, mistaj the Gargoyle Fighter.
Press ? for a list of commands and other information.
A puff of flame appears from out of thin air!
Deactivating autopickup; reactivate with Ctrl-A.
The puff of flame hits you!
You die...

###...#.#######
#.....[..†....#
#.#...#.#####.#
#.##.##.# #.##.##.#
###########[##.##.#.#
...........{........#
#.....#.####.##.....
#.###.....@.#
#...#####
#.........### ###.#
.###.(†....# .#
###.###.# # #.# #.#
#.# #.# #.# #.#
#.###.# #.....####


There were no monsters in sight!

Vanquished Creatures
  A hound (D:2)
  A gnoll (D:1)
  An adder (D:2)
  2 dart slugs (D:1)
  3 ball pythons
  A bat (D:2)
  4 goblins
  3 hobgoblins
  3 quokkas
  2 frilled lizards
  6 kobolds
  3 rats (D:1)
30 creatures vanquished.

Notes
Turn   | Place    | Note
-------+----------+-------------------------------------------
     0 | D:1      | mistaj the Gargoyle Fighter began the quest for the Orb.
     0 | D:1      | Reached XP level 1. HP: 14/14 MP: 1/1
    85 | D:1      | Reached XP level 2. HP: 19/19 MP: 2/2
   431 | D:1      | Reached XP level 3. HP: 14/24 MP: 3/3
   611 | D:1      | Found a faded altar of an unknown god.
   800 | D:2      | Reached skill level 1 in Axes
   918 | D:2      | Noticed Sigmund
   948 | D:2      | Reached XP level 4. HP: 4/29 MP: 4/4
   948 | D:2      | Killed from afar by Sigmund

Illustrated notes

Levels and vault maps discovered:
D:1:      minmay_arrival_stone_box, layout_basic,
          shapermc_ecumenical_altar_mp_highgroup
D:2:      minmay_angry_zag, layout_loops_ring, uniq_sigmund

Skill      XL: |  1  2  3 |
---------------+----------+-----
Axes           | 1 |  1.4
Shields        | 4 |  4.2
Fighting       | 4 |  4.2
Maces & Flails | |  2.3
Armour         | |  3.2

Action                     |  1- 3 |  4- 6 || total
---------------------------+-------+-------++-------
  Melee: Flail             |    28 |       ||    28
         Broad axe         |    64 |       ||    64
 Armour: Scale mail        |    56 |       ||    56
  Dodge: Dodged            |    53 |       ||    53
  Block: Buckler           |    25 |       ||    25

Table legend: (Time is in decaauts)
 A = Elapsed time spent in this place.
 B = Non-inter-level travel time spent in this place.
 C = Inter-level travel time spent in this place.
 D = Time resting spent in this place.
 E = Time spent auto-exploring this place.
 F = Levels seen in this place.
 G = Mean time per level.
                   A        B        C        D        E       F      G
               +--------+--------+--------+--------+--------+-----+--------+
         Total |    993 |    973 |     20 |    143 |    501 |   2 |  496.5 |
       Dungeon |    993 |    973 |     20 |    143 |    501 |   2 |  496.5 |
               +--------+--------+--------+--------+--------+-----+--------+

Top non-repeatable levels by time:
     D:1: 730 daAuts
     D:2: 262 daAuts
